 Dungeon Crawl Stone Soup version 0.28.0 (webtiles) character file.

Game seed: 15328501966658120416

7506 ProzacElf the Palentonga Catastrophe (level 10, 0/79 HPs)
             Began as a Palentonga Fighter on Feb 17, 2022.
             Was an Elder of Qazlal.
             Killed from afar by an electric eel (11 damage)
             ... with a bolt of electricity
             ... in a bailey.
             The game lasted 00:21:42 (14131 turns).

ProzacElf the Palentonga Catastrophe (PaFi)        Turns: 14131, Time: 00:21:43

Health: 0/79       AC: 17    Str: 16    XL:     10   Next: 95%
Magic:  17/17      EV:  8    Int: 13    God:    Qazlal [****..]
Gold:   371        SH: 10    Dex: 16    Spells: 9/9 levels left

rFire   . . .      SeeInvis +   a - +6 long sword
rCold   + . .      Faith    .   c - +0 buckler
rNeg    . . .      Spirit   .   C - +3 leather armour of the Arena {rPois Str-3 Int+3 Dex+3}
rPois   +          Reflect  .   q - +0 helmet
rElec   .          Harm     .   L - +0 cloak
rCorr   .          Rampage  .   (no gloves)
Will    +....                   (no barding)
Stlth   +.........              (no amulet)
HPRegen 0.23/turn               e - ring of willpower
MPRegen 0.15/turn               J - ring of protection from cold

@: repel missiles, curled up
A: large, rugged brown scales 3, see invisible, deformed body, roll 1, armoured
tail, reflexive curl
a: Rolling Charge, Renounce Religion, Upheaval, Elemental Force


You were in a bailey.
You worshipped Qazlal.
Qazlal was greatly pleased with you.
You visited 2 branches of the dungeon, and saw 11 of its levels.
You also visited: Sewer and Bailey.

You collected 619 gold pieces.
You spent 248 gold pieces at shops.

Inventory:

Hand Weapons
 a - a +6 long sword (weapon)
 b - a +3 hand axe
 w - a +2 hunting sling of flaming
 Q - a +1 mace of protection
 S - a +2 falchion of electrocution
Missiles
 i - 39 sling bullets
 o - a curare-tipped dart
 r - 34 poisoned darts (quivered)
 t - 6 javelins
 V - 6 boomerangs
Armour
 c - a +0 buckler (worn)
 f - an orb of mayhem
 q - a +0 helmet (worn)
 C - the +3 leather armour of the Arena (worn) {rPois Str-3 Int+3 Dex+3}
   (You took it off a gnoll on level 5 of the Dungeon)

   Str:       It affects your strength (-3).
   Int:       It affects your intelligence (+3).
   Dex:       It affects your dexterity (+3).
   rPois:     It protects you from poison.
 L - a +0 cloak (worn)
 X - a +0 plate armour
Jewellery
 e - a ring of willpower (left hand)
 v - a ring of wizardry
 J - a ring of protection from cold (right hand)
Wands
 A - a wand of flame (14)
 E - a wand of acid (9)
 U - a wand of polymorph (2)
Scrolls
 g - a scroll of immolation
 k - a scroll of torment
 l - 8 scrolls of teleportation
 m - a scroll of blinking
 p - a scroll of enchant armour {unknown}
 y - a scroll of enchant weapon
 B - a scroll of fog {unknown}
 F - 2 scrolls of fear
 N - a scroll of silence {unknown}
 O - a scroll of amnesia
 P - a scroll of brand weapon {unknown}
Potions
 d - a potion of might
 n - 3 potions of lignification
 u - 6 potions of curing
 x - 2 potions of flight
 z - 4 potions of heal wounds
 D - a potion of haste
 G - 3 potions of berserk rage
 M - a potion of magic
 R - a potion of attraction
 Y - 2 potions of mutation


   Skills:
 - Level 5.0 Fighting
 + Level 9.2 Long Blades
 - Level 5.0 Maces & Flails
 - Level 5.0 Throwing
 - Level 2.8 Armour
 - Level 2.4 Shields
 - Level 10.0 Invocations
 - Level 5.0 Evocations


You had 9 spell levels left.
You didn't know any spells.
Your spell library contained the following spells:

 Spells                   Type           Power      Damage    Failure   Level
 Summon Guardian Golem    Hex/Summ       0%         N/A       80%         3
 Airstrike                Air            0%         N/A       99%         4
 Summon Lightning Spire   Summ/Air       0%         N/A       99%         4
 Lightning Bolt           Conj/Air       0%         1d11      100%        5
 Orb of Destruction       Conj           0%         9d5       100%        7
 Spellforged Servitor     Conj/Summ      0%         N/A       100%        7
 Borgnjor's Revivificati  Necr           0%         N/A       100%        8
 Necromutation            Tmut/Necr      0%         N/A       100%        8
 Death's Door             Necr           0%         N/A       100%        9


Dungeon Overview and Level Annotations

Branches:
Dungeon (10/15)            Temple (1/1) D:4            Lair (0/6) D:10
    Orc (0/2) D:9           Sewer (visited)          Bailey (1/1)

Altars:
Ashenzari
Cheibriados
Dithmenos
Elyvilon
Fedhas
Gozag
Hepliaklqana
Kikubaaqudgha
Makhleb
Nemelex Xobeh
Okawaru
Qazlal
Ru
Trog
Uskayaw
Vehumet
Wu Jian
Xom
Yredelemnul
Zin
The Shining One

Shops:
D:4 (   D:6 *   D:7 (

Annotations:
D:6 2 transporters, Sulinara's ghost, novice DrHu


Innate Abilities, Weirdness & Mutations

You are completely covered in rugged brown scales. (AC +3, +7% HP)
You have supernaturally acute eyesight. (SInv)
Armour fits poorly on your strangely shaped body.
You can roll at nearby foes to attack.
You have a long armoured tail.
You curl defensively after being hit. (AC +7*)


Message History

Ye op'n tha door.
A goblin comes inta view.
It be wieldin' a +0 hand axe.
Tha goblin shouts!
Ye hear a shout!
Thar be an op'n door 'ere.
Ye block tha goblin's attack.
Ye closely miss tha goblin.
Ye tail-slap tha goblin, but do nay damage.
Ye block tha goblin's attack.
Ye slash tha goblin!
Ye kill tha goblin!
Qazlal accepts yer kill.
Nay target in view!
Ye hear a shout!
Ye op'n tha door.
Thar be an op'n door 'ere.
An electric eel comes inta view. x2
Tha electric eel shoots out a bolt o' lightnin' at ye!
Tha bolt o' electricity hits ye!
Tha electric eel shoots out a bolt o' lightnin' at ye!
Tha bolt o' electricity hits ye.
Tha bolt o' electricity hits ye!
Ye take 23 damage, an' haf 56/79 hp.
MASSIVE DAMAGE!!
Tha electric eel shoots out a bolt o' lightnin' at ye!
Tha bolt o' electricity hits ye! x2
Ye take 15 damage, an' haf 41/79 hp.
Tha electric eel shoots out a bolt o' lightnin' at ye!
Tha bolt o' electricity hits ye!
Ye take 12 damage, an' haf 29/79 hp.
Tha electric eel shoots out a bolt o' lightnin' at ye!
Tha bolt o' electricity hits ye.
Ye take 3 damage, an' haf 26/79 hp.
Tha electric eel shoots out a bolt o' lightnin' at ye!
Tha bolt o' electricity hits ye!
* * * LOW HITPOINT WARNIN'
* * * Tha electric eel shoots out a bolt o' lightnin' at ye!
Tha bolt o' electricity hits ye!
* * * LOW HITPOINT WARNIN'
* * * Ye hear a shout!
Tha electric eel shoots out a bolt o' lightnin' at ye!
Tha bolt o' electricity hits ye!
Ye die...

≈≈≈≈≈≈≈≈≈≈≈≈≈≈≈≈≈≈≈≈≈≈≈≈
≈≈≈≈≈≈≈≈≈≈≈≈≈≈≈≈≈≈≈≈≈≈≈≈
≈≈≈≈≈≈≈≈≈≈≈≈≈≈≈≈≈≈≈≈≈≈≈≈
≈≈≈≈≈≈≈≈≈≈≈≈≈≈≈≈≈≈≈≈≈≈≈≈
≈≈≈≈≈≈≈≈≈≈≈≈≈≈≈≈≈≈≈≈≈≈≈
≈≈≈≈≈☼≈≈≈S≈≈≈≈≈≈≈≈≈≈≈ #≈≈≈≈≈#
#≈≈≈○≈≈○≈S≈≈≈≈#### #≈≈≈≈≈#
+.@..☼........'..# #≈≈≈≈≈#
###############..#+ #≈≈≈≈≈#
#......)#.....'.).. #≈≈≈≈≈#
#.8.8.8.).....#....
#≈≈≈≈≈######...##############.
#≈≈≈≈≈≈.#...)..# .
####.≈≈≈≈≈.#...)..#
.....≈≈≈≈≈.#''#####
.....≈≈≈≈≈.#.....#


You could see 2 electric eels.

Vanquished Creatures
  2 two-headed ogres
  An unseen horror (D:7)
  A kobold demonologist (D:8)
  A troll (D:10)
  Sigmund (D:5)
  A wyvern (D:9)
  5 yaks (D:9)
  Duvessa (D:6)
  A water moccasin (D:5)
  A black bear (D:5)
  6 orc warriors
  A necrophage (D:6)
  2 ogres
  3 centaurs
  2 phantoms (D:6)
  3 kobold brigands
  3 bullfrogs
  A scorpion (D:5)
  Dowan (D:6)
  4 killer bees (D:9)
  4 wights (D:6)
  5 howler monkeys
  4 centaur zombies
  A bullfrog zombie (D:7)
  Crazy Yiuf (D:5)
  2 centaur skeletons
  4 hounds
  A jelly (D:6)
  An orc priest (D:8)
  5 iguanas
  5 orc wizards
  2 hound skeletons (D:4)
  A howler monkey zombie (D:9)
  A howler monkey skeleton (D:7)
  10 gnolls
  12 adders
  A shadow imp (D:6)
  An ufetubus (D:5)
  2 adder skeletons (D:5)
  A worm (D:2)
  3 dart slugs
  20 orcs
  12 ball pythons
  6 bats
  8 endoplasms
  A giant cockroach (D:2)
  16 hobgoblins
  7 jackals
  3 quokkas
  4 frilled lizards
  26 goblins
  14 kobolds
  11 rats
236 creatures vanquished.

Vanquished Creatures (collateral kills)
  A two-headed ogre (D:9)
  A phantom (D:6)
2 creatures vanquished.

Vanquished Creatures (others)
  A gnoll (D:5)
  2 plants (D:2)
3 creatures vanquished.

Grand Total: 241 creatures vanquished

Notes
Turn   | Place    | Note
-------+----------+-------------------------------------------
     0 | D:1      | ProzacElf the Palentonga Fighter began the quest for the
                  | Orb.
     0 | D:1      | Reached XP level 1. HP: 19/19 MP: 1/1
   350 | D:1      | Reached XP level 2. HP: 25/25 MP: 2/2
   432 | D:1      | Found a faded altar of an unknown god.
   437 | D:1      | Prayed at the altar of an unknown god.
   437 | D:1      | Became a worshipper of Qazlal Stormbringer
   437 | D:1      | Reached * piety under Qazlal
   789 | D:1      | Reached skill level 1 in Invocations
   865 | D:1      | Reached XP level 3. HP: 29/31 MP: 3/3
  1242 | D:2      | Reached skill level 2 in Invocations
  1448 | D:2      | Reached XP level 4. HP: 36/37 MP: 5/5
  1448 | D:2      | Reached ** piety under Qazlal
  2177 | D:3      | Found a hide-covered altar of Uskayaw.
  2220 | D:3      | Found a shadowy altar of Dithmenos.
  2543 | D:3      | Found a broken altar of Ashenzari.
  2595 | D:3      | Reached skill level 3 in Invocations
  2595 | D:3      | Reached XP level 5. HP: 40/43 MP: 7/7
  2670 | D:3      | Found an ancient bone altar of Kikubaaqudgha.
  2976 | D:4      | Found a staircase to the Ecumenical Temple.
  2982 | Temple   | Entered the Ecumenical Temple
  3433 | D:4      | Reached skill level 4 in Invocations
  3447 | D:4      | Reached *** piety under Qazlal
  3459 | D:4      | Found Vymesuh's Weapon Shop.
  3615 | D:4      | Reached XP level 6. HP: 30/50 MP: 9/9
  4021 | D:5      | Entered Level 5 of the Dungeon
  4051 | D:5      | Reached skill level 5 in Maces & Flails
  4109 | D:5      | Reached skill level 5 in Invocations
  4110 | D:5      | Found a glowing drain.
  4119 | Sewer    | Entered a sewer
  5620 | Sewer    | Reached skill level 6 in Invocations
  5620 | Sewer    | Gained mutation: You curl defensively after being hit. (AC
                  | +7*) [Palentonga growth]
  5620 | Sewer    | Reached XP level 7. HP: 25/55 MP: 11/11
  5795 | Sewer    | Found a glowing silver altar of Zin.
  5967 | D:5      | Identified the +3 leather armour of the Arena {rPois Str-3
                  | Int+3 Dex+3}
  5997 | D:5      | HP: 1/55 [scorpion (5)]
  6000 | D:5      | Reached skill level 7 in Invocations
  6752 | D:5      | Noticed Sigmund
  6766 | D:5      | Killed Sigmund
  6767 | D:5      | Reached XP level 8. HP: 56/64 MP: 13/13
  6828 | D:5      | Reached skill level 8 in Invocations
  7150 | D:5      | Found a runed translucent door.
  7151 | D:5      | Noticed Crazy Yiuf
  7155 | D:5      | Killed Crazy Yiuf
  7156 | D:5      | Reached skill level 5 in Fighting
  7427 | D:6      | You fall into a shaft and drop 3 floors!
  7462 | D:9      | Reached skill level 9 in Invocations
  7753 | D:6      | Reached skill level 10 in Invocations
  7776 | D:6      | Reached skill level 1 in Evocations
  7783 | D:6      | Reached skill level 1 in Throwing
  8028 | D:6      | Found a radiant altar of Vehumet.
  8232 | D:6      | Found a transporter.
  8233 | D:6      | Noticed Sulinara's ghost (novice DrHu)
  8234 | D:6      | Found a transporter.
  8235 | D:6      | Identified the +11 dire flail of the Jumping Ass {speed,
                  | Will++}
  8296 | D:6      | Found a basalt altar of Yredelemnul.
  8389 | D:6      | Noticed Duvessa
  8389 | D:6      | Noticed Dowan
  8389 | D:6      | Killed Duvessa
  8390 | D:6      | Reached XP level 9. HP: 72/72 MP: 12/16
  8393 | D:6      | Killed Dowan
  8640 | D:6      | Found Sygramo's Specific Store.
  8643 | D:6      | Found Niquos's General Store.
  8649 | D:6      | Bought 2 potions of curing for 66 gold pieces
  8653 | D:6      | Bought a potion of curing for 42 gold pieces
  8653 | D:6      | Bought 2 potions of berserk rage for 140 gold pieces
  8721 | D:6      | Reached skill level 1 in Long Blades
  8768 | D:6      | Found a sparkling altar of Nemelex Xobeh.
  9451 | D:7      | Found a sacrificial altar of Ru.
  9529 | D:7      | Found Vepatut's Weapon Emporium.
  9546 | D:7      | Noticed an unseen horror
  9555 | D:7      | Killed an unseen horror
  9720 | D:7      | Noticed a two-headed ogre
  9731 | D:7      | Killed a two-headed ogre
 10563 | D:8      | Noticed a kobold demonologist
 10570 | D:8      | Killed a kobold demonologist
 10571 | D:8      | Reached skill level 5 in Evocations
 10571 | D:8      | Reached XP level 10. HP: 56/79 MP: 17/17
 11012 | D:8      | Found an opulent altar of Gozag.
 11414 | D:8      | Found a stormy altar of Qazlal.
 11966 | D:9      | Reached skill level 5 in Long Blades
 12019 | D:9      | Noticed a two-headed ogre
 12066 | D:9      | Killed a two-headed ogre
 12067 | D:9      | Reached skill level 5 in Throwing
 12351 | D:9      | Found a staircase to the Orcish Mines.
 12370 | D:9      | Found an ornate altar of the Wu Jian Council.
 12898 | D:9      | Noticed a two-headed ogre
 12909 | D:9      | Killed a two-headed ogre
 13193 | D:10     | Entered Level 10 of the Dungeon
 13567 | D:10     | Found a flagged portal.
 13604 | Bailey   | Entered a bailey
 14070 | Bailey   | Reached **** piety under Qazlal
 14131 | Bailey   | Killed from afar by an electric eel

Illustrated notes

Levels and vault maps discovered:
D:1:      lemuel_arrival_river_ford, layout_loops_ring,
          chequers_ecumenical_altar_lobes
D:2:      layout_basic, minmay_misc_feat_plants, minmay_shallow_snake_nest
D:3:      layout_basic, nicolae_dithmenos_shadow_blocks,
          mainiacjoe_overflow_24_doors, nicolae_uskayaw_dance_hall,
          lemuel_crystal_altar
D:4:      minmay_diamond_boxcup, layout_loops_ring,
          minmay_temple_entry_enclosed_plants, kennysheep_decorative_pillar,
          grunt_decor_one_mirror, chequers_serial_rivers_micro_b,
          nicolae_wooded_promenade
D:5:      layout_loops_ring, portal_sewer_entry_d, roderic_roman_lattice,
          minmay_statues_item, uniq_crazy_yiuf_cottage, uniq_sigmund
D:6:      layout_basic, mainiacjoe_overflow_alcove_2,
          nemelex_diamond_rough_becter, vehumet_crystals, gammafunk_ghost_smash,
          hangedman_abyss_or_decor_lesser_grid, nicolae_specific_store,
          uniq_duvessa
D:7:      layout_layer_cave, nicolae_ru_sacrificial_ziggurat, serial_shops,
          nicolae_shop_stone, minmay_microvault
D:8:      layout_loops_cross, nicolae_gozag_seed_capital,
          mainiacjoe_overflow_paths, minmay_misc_feat_rugged
D:9:      layout_loops_ring, nicolae_wu_jian_immortal_techniques, orc_0_dummy,
          kennysheep_generic_room_11
D:10:     layout_loops_corners, amcnicky_altar_gilded, erik_lair_island,
          enter_bailey_4, onia_ninara_cookie, uniq_josephine, uniq_nergalle,
          uniq_maurice
Temple:   eino_temple_lava
Bailey:   bailey_axe_of_yendor_kennysheep, bailey

Skill      XL: |  1  2  3  4  5  6  7  8  9 10 |
---------------+-------------------------------+-----
Invocations    | 1 2 3 4 6 7 10 | 10.0
Maces & Flails | 3 4 5 |  5.0
Fighting       | 4 5 |  5.0
Evocations     | 2 5 |  5.0
Throwing       | 1 4 5 |  5.0
Long Blades    | 4 9 |  9.2
Armour         | |  2.8
Shields        | |  2.4

Action                   |  1- 3 |  4- 6 |  7- 9 | 10-12 || total
-------------------------+-------+-------+-------+-------++-------
Melee: Flail             |    55 |       |       |       ||    55
       Hand axe          |    35 |   202 |   204 |       ||   441
       Tailslap          |     4 |    20 |    65 |    27 ||   116
       Long sword        |       |       |    80 |   200 ||   280
Invok: Upheaval          |       |       |     8 |     1 ||     9
       Elemental Force   |       |       |     1 |     1 ||     2
 Abil: Rolling Charge    |       |     1 |     7 |     3 ||    11
  Use: Potion            |       |     3 |     1 |       ||     4
       Scroll            |       |       |       |    15 ||    15
 Stab: Invisible         |       |     3 |       |       ||     3
Armor: Scale mail        |    51 |    70 |    25 |       ||   146
       Leather armour    |       |       |    98 |    68 ||   166
       Chain mail        |       |       |     6 |       ||     6
Dodge: Dodged            |    27 |    72 |    89 |    70 ||   258
Block: Buckler           |    26 |    82 |   124 |    92 ||   324
